 Dungeon Crawl Stone Soup version 0.28.0-1-gb440e238dd (webtiles) character file.

Game seed: 10971423893705777154

184 Krehm the Stinger (level 5, -4/40 HPs)
             Began as a Merfolk Venom Mage on Feb 26, 2022.
             Slain by a centaur (6 damage)
             ... on level 3 of the Dungeon.
             The game lasted 00:11:51 (3228 turns).

Krehm the Stinger (Merfolk Venom Mage)              Turns: 3228, Time: 00:11:51

Health: -4/40      AC:  2    Str:  9    XL:     5   Next: 63%
Magic:  8/8        EV: 12    Int: 16    God:
Gold:   59         SH:  0    Dex: 14    Spells: 3/9 levels left

rFire   . . .      SeeInvis .   e - +2 short sword (freeze)
rCold   . . .      Faith    .   (no shield)
rNeg    . . .      Spirit   .   a - +0 robe
rPois   .          Reflect  .   (no helmet)
rElec   .          Harm     .   (no cloak)
rCorr   .          Rampage  .   (no gloves)
Will    .....                   (no boots)
Stlth   ++........              (no amulet)
HPRegen 0.13/turn               (no ring)
MPRegen 0.11/turn               (no ring)

@: no status effects
A: (nimble swimmer 2), mertail
a: no special abilities


You were on level 3 of the Dungeon.
You visited 1 branch of the dungeon, and saw 3 of its levels.

You collected 59 gold pieces.

Inventory:

Hand Weapons
 e - a +2 short sword of freezing (weapon)
Missiles
 g - 3 poisoned darts (quivered)
 h - a throwing net
Armour
 a - a +0 robe (worn)
Scrolls
 b - a scroll of summoning {unknown}
 f - 2 scrolls of identify {unknown}
Potions
 c - a potion of ambrosia
 d - 2 potions of lignification {unknown}


   Skills:
 - Level 2.8 Fighting
 - Level 2.6 Dodging
 - Level 2.1 Stealth
 + Level 2.5 Spellcasting
 + Level 1.6 Conjurations
 - Level 1.3 Transmutations
 + Level 1.6 Air Magic
 + Level 4.1 Poison Magic


You had 3 spell levels left.
You knew the following spells:

 Your Spells              Type           Power      Damage    Failure   Level
a - Sting                 Tmut/Pois      40%        1d5       6%          1
b - Mephitic Cloud        Conj/Pois/Air  10%        N/A       22%         3
c - Blink                 Tloc           4%         N/A       30%         2

Your spell library contained the following spells:

 Spells                   Type           Power      Damage    Failure   Level
 Poisonous Vapours        Pois/Air       22%        N/A       9%          2
 Gell's Gravitas          Tloc           2%         N/A       52%         3
 Lesser Beckoning         Tloc           2%         N/A       52%         3
 Teleport Other           Tloc           2%         N/A       52%         3
 Olgreb's Toxic Radiance  Pois           15%        N/A       34%         4
 Manifold Assault         Tloc           2%         N/A       99%         5


Dungeon Overview and Level Annotations

Branches:
Dungeon (3/15)

Altars:

Shops:
D:1 [   D:2 :


Innate Abilities, Weirdness & Mutations

((You are very nimble when in or above water. (Stealth+, EV+, Speed+++)))
Your lower body shifts to a powerful aquatic tail in water.


Message History

The centaur kicks you. The centaur barely misses you. The centaur kicks you.
* * * LOW HITPOINT WARNING * * *
You're too confused to move!
The jackal misses you. x2; The centaur hits you.
* * * LOW HITPOINT WARNING * * *
The centaur closely misses you. The jackal bites you.
* * * LOW HITPOINT WARNING * * *
The jackal barely misses you. The jackal bites you.
* * * LOW HITPOINT WARNING * * *
You miss the centaur. The centaur closely misses you. The centaur misses you.
The jackal misses you. The jackal barely misses you. x2
The jackal bites you but does no damage.
The centaur closely misses you. The centaur kicks you.
* * * LOW HITPOINT WARNING * * *
The jackal bites you.
* * * LOW HITPOINT WARNING * * *
You hit the centaur but do no damage.
You feel less invigorated.
You feel less confused. The jackal bites you.
* * * LOW HITPOINT WARNING * * *
The jackal bites you.
* * * LOW HITPOINT WARNING * * *
The jackal barely misses you. The centaur closely misses you.
The centaur kicks you but does no damage.
The jackal closely misses you. The jackal misses you. The jackal bites you.
* * * LOW HITPOINT WARNING * * *
The jackal bites you.
* * * LOW HITPOINT WARNING * * *
You barely miss the centaur. The centaur closely misses you.
The centaur kicks you.
* * * LOW HITPOINT WARNING * * *
The jackal bites you.
* * * LOW HITPOINT WARNING * * *
The jackal barely misses you. The jackal misses you.
The jackal barely misses you. The centaur hits you.
* * * LOW HITPOINT WARNING * * *
The centaur barely misses you. The jackal closely misses you.
You hit the centaur. You freeze the centaur.
The centaur is moderately wounded.
The jackal misses you. The jackal barely misses you. The centaur hits you.
You die...

#.#########......#..
.....................
##..#######.##......#
## #..# #..# .....##
...##.. ##.## ..##.#
#...#.###..# .### #
#.......##..
##...h####.#
##.@h..$..#
##chh.....##
####......#...#
..............###
##........##....
#...>..<.....#
##........##.# ####
#.........# ..#
#.........# #.#


You could see a centaur and 4 jackals.

Vanquished Creatures
  Natasha (thrice) (D:2)
  3 adders
  3 worms (D:2)
  3 dart slugs (D:2)
  7 endoplasms
  A giant cockroach (D:1)
  5 goblins
  2 hobgoblins (D:2)
  12 jackals (D:1)
  9 kobolds
  A quokka (D:3)
  5 ball pythons
  5 bats
  2 frilled lizards
  6 rats
67 creatures vanquished.

Notes
Turn   | Place    | Note
-------+----------+-------------------------------------------
     0 | D:1      | Krehm the Merfolk Venom Mage began the quest for the Orb.
     0 | D:1      | Reached XP level 1. HP: 13/13 MP: 3/3
   322 | D:1      | Found Foduf's Antique Armour Shop.
   338 | D:1      | Reached skill level 1 in Fighting
   520 | D:1      | Reached XP level 2. HP: 22/22 MP: 3/5
  1015 | D:1      | Reached XP level 3. HP: 28/28 MP: 4/6
  1026 | D:1      | Learned a level 3 spell: Mephitic Cloud
  1302 | D:1      | Found a faded altar of an unknown god.
  1684 | D:2      | Reached XP level 4. HP: 25/34 MP: 5/7
  1817 | D:2      | Noticed Natasha
  1940 | D:2      | Reached skill level 1 in Conjurations
  1964 | D:2      | Reached skill level 1 in Air Magic
  2190 | D:2      | Found Yxkext's Book Shop.
  2304 | D:2      | Killed Natasha
  2305 | D:2      | Reached XP level 5. HP: 10/40 MP: 2/8
  2726 | D:2      | Noticed Natasha
  2733 | D:2      | Killed Natasha
  2734 | D:2      | Reached skill level 4 in Poison Magic
  2747 | D:2      | Noticed Natasha
  2754 | D:2      | Killed Natasha
  3027 | D:3      | Noticed a centaur
  3209 | D:3      | Learned a level 2 spell: Blink
  3227 | D:3      | HP: 2/40 [jackal (2)]
  3228 | D:3      | Slain by a centaur

Illustrated notes

Levels and vault maps discovered:
D:1:      roderic_chinese_lattice_arrival, layout_loops_ring,
          hellmonk_ecumenical_altar_leap_of_faith, serial_shops, shop
D:2:      layout_rooms, serial_shops, nicolae_shop_stone, uniq_natasha
D:3:      layout_rooms, kennysheep_generic_room_11, uniq_terence

Skill      XL: |  1  2  3  4  5 |
---------------+----------------+-----
Fighting       | 1 2 |  2.8
Conjurations   | 1 |  1.6
Air Magic      | 1 |  1.6
Poison Magic   | 4 |  4.1
Dodging        | |  2.6
Stealth        | |  2.1
Spellcasting   | |  2.5
Transmutations | |  1.3

Action                   |  1- 3 |  4- 6 || total
-------------------------+-------+-------++-------
Melee: Dagger            |    60 |     1 ||    61
       Short sword       |       |    27 ||    27
 Cast: Sting             |    59 |    50 ||   109
  Use: Potion            |       |     1 ||     1
 Stab: Sleeping          |     1 |       ||     1
Armor: Robe              |    17 |    10 ||    27
Dodge: Dodged            |    51 |    43 ||    94
